 Dungeon Crawl Stone Soup version 0.23.2-30-g0e89c35649 (webtiles) character file.

Game seed: 17623621848102280919

13930 DildoBatman the Blocker (level 12, -10/83 HPs)
             Began as a Formicid Wizard on June 16, 2019.
             Was an Elder of Kikubaaqudgha.
             Shot with an arrow by Nessos (18 damage)
             ... on level 12 of the Dungeon.
             The game lasted 00:58:40 (11326 turns).

DildoBatman the Blocker (Formicid Wizard)          Turns: 11326, Time: 00:58:41

Health: -10/83     AC: 14    Str: 13    XL:     12   Next: 38%
Magic:  9/20       EV:  6    Int: 24    God:    Kikubaaqudgha [****..]
Gold:   775        SH: 10    Dex:  9    Spells: 12/22 levels left

rFire    + . .     SeeInvis +   a - +8 battleaxe of Bypnabri {flame, rC+ rN+ Int+2 Stlth+}
rCold    + . .     Gourm    .   P - +0 shield
rNeg     + . .     Faith    .   n - +3 chain mail {rF+}
rPois    .         Spirit   .   (helmet unavailable)
rElec    .         Reflect  .   r - +0 cloak
rCorr    .         Harm     .   i - +0 pair of gloves
MR       +....                  (no boots)
Stlth    +.........             m - amulet of magic regeneration
HPRegen  0.23/turn              (no ring)
MPRegen  0.42/turn              (no ring)

@: lethally poisoned (-10 -> -43), very slightly contaminated
A: permanent stasis, dig shafts and tunnels, four strong arms, antennae 3
a: Dig, Shaft Self, Receive Corpses, Renounce Religion


You were on level 12 of the Dungeon.
You worshipped Kikubaaqudgha.
Kikubaaqudgha was greatly pleased with you.
You were hungry.

You visited 2 branches of the dungeon, and saw 13 of its levels.
You also visited: Ossuary.

You collected 787 gold pieces.
You spent 12 gold pieces at shops.

Inventory:

Hand Weapons
 a - the +8 battleaxe of Bypnabri (weapon) {flame, rC+ rN+ Int+2 Stlth+}
   (You took it off a gnoll on level 5 of the Dungeon)

   It has been specially enchanted to burn those struck by it, causing extra
   injury to most foes and up to half again as much damage against particularly
   susceptible opponents.
   Big, fiery blades are also staple armaments of hydra-hunters.
   It affects your intelligence (+2).
   It protects you from cold.
   It protects you from negative energy.
   It makes you more stealthy.
 b - the +8 longbow "Zephyr" {speed, Dex+3 SInv}
   (You found it on level 11 of the Dungeon)

   Attacks with this weapon are significantly faster.
   It affects your dexterity (+3).
   It lets you see invisible.
 e - a +1 halberd of venom
 f - the +4 whip "Eviscerator" {flame, rElec rC+}
   (You took it off an orc on level 5 of the Dungeon)

   It has been specially enchanted to burn those struck by it, causing extra
   injury to most foes and up to half again as much damage against particularly
   susceptible opponents.
   It protects you from cold.
   It insulates you from electricity.
Missiles
 c - 192 arrows
 d - 4 javelins (quivered)
 j - 157 bolts
 l - 58 sling bullets
 I - 4 throwing nets
 K - 6 tomahawks of dispersal
Armour
 i - a +0 pair of gloves (worn)
 n - a +3 chain mail of fire resistance (worn)
 r - a +0 cloak (worn)
 P - a +0 shield (worn)
Jewellery
 m - an amulet of magic regeneration (around neck)
Wands
 L - a wand of flame (48)
 Q - a wand of paralysis (21)
 V - a wand of clouds (6)
Scrolls
 h - a scroll of enchant armour {unknown}
 t - a scroll of fear
 x - 11 scrolls of remove curse
 z - 9 scrolls of identify
Potions
 g - a potion of heal wounds {unknown}
 k - 2 potions of resistance
 q - 7 potions of curing
Comestibles
 v - 26 rations


   Skills:
 * Level 4.2 Fighting
 - Level 6.0 Axes
 * Level 3.0 Bows
 * Level 4.2 Armour
 - Level 3.0 Dodging
 * Level 5.9 Stealth
 - Level 9.0 Shields
 * Level 5.8 Spellcasting
 - Level 6.0 Conjurations
 - Level 4.0 Charms
   Level 1.0 Summonings
 - Level 6.0 Necromancy
   Level 0.8 Translocations
 - Level 4.0 Fire Magic
 - Level 4.0 Air Magic
 - Level 8.0 Poison Magic


You had 12 spell levels left.
You knew the following spells:

 Your Spells              Type           Power        Failure   Level  Hunger
a - Conjure Flame         Conj/Fire      ####....     63%         3    #......
c - Magic Dart            Conj           ####         19%         1    None
d - Regeneration          Chrm/Necr      ####......   63%         3    #......
e - Mephitic Cloud        Conj/Pois/Air  #####...     50%         3    #......

Your spell library contained the following spells:

 Spells                   Type           Power        Failure   Level  Hunger
 Animate Skeleton         Necr           N/A          19%         1    None
 Pain                     Necr           ####         19%         1    None
 Sublimation of Blood     Necr           #####.....   28%         2    None
 Swiftness                Chrm/Air       ####....     54%         2    None
 Summon Small Mammal      Summ           ##..         82%         1    None
 Apportation              Tloc           ##....       83%         1    None
 Stone Arrow              Conj/Erth      ###...       88%         3    #......
 Confusing Touch          Hex            #.....       91%         1    None
 Sandblast                Erth           #.....       91%         1    None
 Call Imp                 Summ           ##......     91%         2    None
 Passwall                 Tmut/Erth      #.......     97%         2    None
 Slow                     Hex            #.......     97%         2    None
 Gell's Gravitas          Tloc           ##........   99%         3    #......
 Agony                    Necr           #####...     99%         5    #####..
 Dispel Undead            Necr           #####...     99%         5    #####..
 Confuse                  Hex            #.......     100%        3    #......
 Petrify                  Tmut/Erth      #.......     100%        4    ###....
 Borgnjor's Vile Clutch   Necr/Erth      ###.......   100%        5    #####..
 Excruciating Wounds      Chrm/Necr      ####......   100%        5    #####..
 Lee's Rapid Deconstruct  Erth           #.........   100%        5    #####..
 Lightning Bolt           Conj/Air       ####......   100%        5    #####..
 Metabolic Englaciation   Hex/Ice        #.........   100%        5    #####..
 Yara's Violent Unravell  Hex/Tmut       #.........   100%        5    #####..
 Death Channel            Necr           #####.....   100%        6    ######.
 Simulacrum               Ice/Necr       ###.......   100%        6    ######.
 Blink                    Tloc           Unusable     N/A         2    N/A

Dungeon Overview and Level Annotations

Branches:
Dungeon (12/15)            Temple (1/1) D:5            Lair (0/6) D:10
    Orc (0/2) D:10

Altars:
Ashenzari
Cheibriados
Dithmenos
Elyvilon
Fedhas
Gozag
Hepliaklqana
Kikubaaqudgha
Makhleb
Nemelex Xobeh
Okawaru
Qazlal
Ru
Sif Muna
Trog
Uskayaw
Vehumet
Wu Jian
Xom
Yredelemnul
Zin
The Shining One

Shops:
D:5 [[?   D:9 !

Annotations:
D:10 2 transporters
D:12 exclusion: dancing weapon, Nessos


Innate Abilities, Weirdness & Mutations

You cannot be hasted, slowed, berserked, paralysed or teleported.
You can dig through walls and to a lower floor.
Your four strong arms can wield two-handed weapons with a shield.
You have a pair of large antennae on your head. (SInv)


Message History

The arrow burns you.
You are more poisoned.
Nessos shoots an arrow.
The arrow hits you!! The arrow burns you.
Casting: Mephitic Cloud (quite dangerous; 50% risk of failure)
Confirm with . or Enter, or press ? or * to list all spells.
Aiming: Mephitic Cloud (quite dangerous; 50% risk of failure)
Press: ? - help, Shift-Dir - straight line, f/p - Nessos
Aim: Nessos, wielding a +1 longbow of flaming, wearing a +0 centaur barding and carrying a wand of iceblast (13) (grey smoke, lightly wounded, fast)
The ball explodes into a vile cloud!
The stinking cloud engulfs Nessos but does no damage.
Nessos is lightly wounded.
You feel very sick.
Nessos shoots an arrow.
The arrow barely misses you.
Nessos shoots an arrow.
The arrow hits you!!
You die...
Kikubaaqudgha rasps: "You have failed me!
Welcome... death!"

######### ##########
#.......#######
##........#
#..).c..'.....+
.#........#
#.......#######
.'.....(..#######.....c.#
##........'.....'.......#
#........#######.......#
####'###### ####'#####
#....# #@§c.# #.####
##§§## #.########## #§##
.......D...# #.#
...........[ ...
.....<.....# ....
...........# ##....
...........# #....
...........# #..


You could see Nessos.

Vanquished Creatures
  Harold (D:12)
  2 two-headed ogres
  Urug (D:12)
  2 deep elf knights (D:12)
  An unseen horror (D:10)
  An orc knight (D:12)
  A cyclops (D:11)
  A gargoyle (D:11)
  A kobold demonologist (D:10)
  3 yaktaurs
  3 trolls
  7 slime creatures
  2 basilisks (D:11)
  A hungry ghost (D:11)
  Edmund (D:6)
  A water moccasin (D:9)
  A black bear (D:9)
  3 ice beasts
  A necrophage (D:10)
  A hornet zombie (D:8)
  4 sky beasts
  2 ogres
  4 orc warriors
  A phantom (D:7)
  5 centaurs
  3 big kobolds
  4 bullfrogs
  A water moccasin zombie (Ossuary)
  3 scorpions
  2 water moccasin skeletons
  4 killer bees (D:7)
  4 howler monkeys
  3 electric eels (D:10)
  5 crimson imps
  2 bullfrog zombies (Ossuary)
  2 centaur zombies
  2 quasits (D:9)
  4 hounds
  11 jellies
  6 orc priests
  3 orc wizards
  5 bullfrog skeletons
  11 mummies (Ossuary)
  2 gnoll shamans
  3 iguanas
  9 worker ants
  3 hound zombies (Ossuary)
  4 hound skeletons
  2 howler monkey zombies
  3 worker ant zombies
  19 gnolls
  9 adders
  A shadow imp (D:12)
  15 oozes
  6 adder zombies
  3 adder skeletons
  A worm (D:3)
  5 leopard geckos
  21 orcs
  5 giant cockroaches
  6 goblins
  2 hobgoblins
  4 jackals
  9 kobolds
  4 quokkas
  A ball python (D:4)
  7 bats
  5 frilled lizards
  A giant cockroach zombie (Ossuary)
  A jackal zombie (Ossuary)
  A leopard gecko zombie (D:6)
  2 quokka zombies
  4 rats (D:1)
  A rat zombie (D:4)
  2 withered plants (Ossuary)
287 creatures vanquished.

Vanquished Creatures (collateral kills)
  A jackal (D:7)
1 creature vanquished.

Vanquished Creatures (others)
  A killer bee (D:7)
  4 fungi (D:6)
  A withered plant (Ossuary)
6 creatures vanquished.

Grand Total: 294 creatures vanquished

Notes
Turn   | Place    | Note
-------+----------+-------------------------------------------
     0 | D:1      | DildoBatman the Formicid Wizard began the quest for the
                  | Orb.
     0 | D:1      | Reached XP level 1. HP: 13/13 MP: 4/4
   122 | D:1      | Reached skill level 1 in Conjurations
   548 | D:1      | Reached XP level 2. HP: 19/19 MP: 1/6
  1136 | D:2      | Reached XP level 3. HP: 24/24 MP: 0/7
  1149 | D:2      | Learned a level 3 spell: Conjure Flame
  1153 | D:2      | Learned a level 3 spell: Mephitic Cloud
  1371 | D:3      | Found a hazy altar of Hepliaklqana.
  1560 | D:3      | Found a bloodstained altar of Trog.
  1774 | D:3      | Found a shadowy altar of Dithmenos.
  1882 | D:3      | Found a faded altar of an unknown god.
  2101 | D:3      | Reached XP level 4. HP: 26/30 MP: 1/8
  2617 | D:4      | Found a sand-covered staircase.
  2640 | D:4      | You fall through a shaft for 2 floors!
  2642 | D:6      | Noticed an ice beast
  2663 | D:5      | Entered Level 5 of the Dungeon
  2663 | D:5      | Noticed a centaur
  2680 | D:4      | Reached XP level 5. HP: 35/35 MP: 5/9
  2712 | D:4      | Found a sacrificial altar of Ru.
  2813 | Ossuary  | Entered an ossuary
  2897 | Ossuary  | Reached skill level 1 in Fire Magic
  2897 | Ossuary  | Reached XP level 6. HP: 29/41 MP: 3/10
  3065 | Ossuary  | Reached skill level 5 in Conjurations
  3104 | Ossuary  | Reached XP level 7. HP: 46/46 MP: 6/11
  3879 | D:5      | Reached skill level 1 in Poison Magic
  3879 | D:5      | Reached XP level 8. HP: 16/52 MP: 3/13
  3921 | D:5      | Found Oskupta's Antique Armour Shoppe.
  4079 | D:5      | Reached skill level 1 in Air Magic
  4146 | D:5      | Identified the +8 battleaxe of Bypnabri {flame, rC+ rN+
                  | Int+2 Stlth+}
  4152 | D:5      | Got a ruby-encrusted scale mail
  4157 | D:5      | Found a staircase to the Ecumenical Temple.
  4161 | Temple   | Entered the Ecumenical Temple
  4317 | D:5      | Identified the +4 whip "Eviscerator" {flame, rElec rC+}
  4347 | D:5      | Identified the +1 scale mail of Ilaop {Dex+4} (You found it
                  | on level 5 of the Dungeon)
  4417 | D:5      | Reached skill level 1 in Axes
  4460 | D:5      | Found Zeuw's Antique Armour Shop.
  4460 | D:5      | Found Wiabluh's Magic Scroll Boutique.
  5155 | D:7      | Found an ancient bone altar of Kikubaaqudgha.
  5155 | D:7      | Found a burning altar of Makhleb.
  5155 | D:7      | Found a basalt altar of Yredelemnul.
  5161 | D:7      | Became a worshipper of Kikubaaqudgha
  5235 | D:7      | Reached XP level 9. HP: 32/57 MP: 5/15
  5236 | D:7      | Reached skill level 5 in Poison Magic
  5434 | D:7      | Reached * piety under Kikubaaqudgha
  5434 | D:7      | Identified Kikubaaqudgha's Reference Book on Dark Rites
                  | (Kikubaaqudgha gifted it to you on level 7 of the Dungeon)
  5434 | D:7      | Received a gift from Kikubaaqudgha
  5627 | D:7      | Learned a level 3 spell: Regeneration
  5997 | D:6      | Reached skill level 1 in Charms
  5997 | D:6      | Reached skill level 1 in Necromancy
  6258 | D:6      | Noticed a slime creature
  6265 | D:6      | Killed a slime creature
  6278 | D:6      | Reached ** piety under Kikubaaqudgha
  6477 | D:6      | Reached skill level 5 in Axes
  6477 | D:6      | Reached XP level 10. HP: 63/63 MP: 13/16
  6609 | D:6      | Identified Jeurchul's Papyrus of Dark Secrets and Flight
  6712 | D:6      | Noticed Edmund
  6736 | D:6      | Killed Edmund
  7329 | D:8      | Found a snail-covered altar of Cheibriados.
  7944 | D:8      | Found a glowing silver altar of Zin.
  8248 | D:9      | Found Siroull's Distillery.
  8257 | D:9      | Bought a potion of degeneration for 12 gold pieces
  8375 | D:9      | Reached skill level 5 in Necromancy
  8481 | D:9      | Reached *** piety under Kikubaaqudgha
  8481 | D:9      | Identified Kikubaaqudgha's Disquisition on Evil
                  | (Kikubaaqudgha gifted it to you on level 9 of the Dungeon)
  8481 | D:9      | Received a gift from Kikubaaqudgha
  8565 | D:9      | Reached skill level 2 in Shields
  8586 | D:9      | Reached skill level 3 in Shields
  8688 | D:9      | Reached skill level 4 in Shields
  9073 | D:9      | Found a deep blue altar of Sif Muna.
  9101 | D:9      | Reached skill level 5 in Shields
  9101 | D:9      | Reached XP level 11. HP: 62/68 MP: 15/17
  9117 | D:10     | Entered Level 10 of the Dungeon
  9230 | D:10     | Found a transporter.
  9284 | D:10     | Found a transporter.
  9316 | D:10     | Found a staircase to the Lair.
  9469 | D:10     | Found a staircase to the Orcish Mines.
  9506 | D:10     | Reached skill level 6 in Shields
  9524 | D:10     | Noticed an unseen horror
  9541 | D:10     | Killed an unseen horror
  9541 | D:10     | Reached skill level 7 in Shields
  9883 | D:10     | Reached skill level 8 in Shields
  9921 | D:10     | Reached skill level 9 in Shields
  9964 | D:11     | Noticed a two-headed ogre
 10027 | D:11     | Reached **** piety under Kikubaaqudgha
 10161 | D:11     | Reached skill level 1 in Fighting
 10161 | D:11     | Reached skill level 1 in Armour
 10232 | D:11     | Found the +8 longbow "Zephyr" {speed, Dex+3 SInv}
 10267 | D:11     | Killed a two-headed ogre
 10332 | D:11     | Reached skill level 1 in Bows
 10526 | D:11     | Noticed a cyclops
 10573 | D:11     | Killed a cyclops
 10652 | D:11     | You fall through a shaft!
 10653 | D:12     | Noticed a +5 double sword
 10653 | D:12     | Noticed Harold
 10653 | D:12     | Noticed Urug
 10658 | D:12     | Noticed a deep elf knight
 10679 | D:12     | Noticed a seven-headed hydra
 10698 | D:12     | Noticed a two-headed ogre
 10707 | D:12     | Killed a two-headed ogre
 10707 | D:12     | Reached skill level 5 in Spellcasting
 10707 | D:12     | Reached XP level 12. HP: 32/81 MP: 11/19
 10925 | D:12     | Killed Urug
 10925 | D:12     | Reached skill level 5 in Stealth
 10927 | D:12     | Noticed a deep elf knight
 10932 | D:12     | Killed Harold
 10936 | D:12     | Killed a deep elf knight
 10957 | D:12     | Killed a deep elf knight
 11304 | D:12     | Noticed Nessos
 11326 | D:12     | Shot with an arrow by Nessos

Skill      XL: |  1  2  3  4  5  6  7  8  9 10 11 12 |
---------------+-------------------------------------+-----
Conjurations   | 1 2 3 4 5 6 |  6.0
Fire Magic     | 1 3 4 |  4.0
Poison Magic   | 1 4 7 8 |  8.0
Air Magic      | 2 4 |  4.0
Spellcasting   | 4 5 |  5.8
Axes           | 3 5 6 |  6.0
Charms         | 2 4 |  4.0
Necromancy     | 2 6 |  6.0
Shields        | 5 9 |  9.0
Dodging        | 3 |  3.0
Fighting       | 3 4 |  4.2
Armour         | 3 4 |  4.2
Stealth        | 4 5 |  5.9
Bows           | 2 3 |  3.0
Summonings     | |  1.0
Translocations | |  0.8

Action                   |  1- 3 |  4- 6 |  7- 9 | 10-12 || total
-------------------------+-------+-------+-------+-------++-------
Melee: Short sword       |    10 |    27 |       |       ||    37
       Mace              |       |     3 |       |       ||     3
       Quarterstaff      |       |       |    68 |       ||    68
       Dagger            |       |       |    43 |       ||    43
       Battleaxe         |       |       |   113 |   238 ||   351
 Fire: Hunting sling     |       |    34 |    25 |       ||    59
       Longbow           |       |       |       |    31 ||    31
Throw: Stone             |     8 |       |       |     1 ||     9
 Cast: Magic Dart        |    72 |    71 |   107 |   120 ||   370
       Mephitic Cloud    |       |     4 |    21 |    43 ||    68
       Conjure Flame     |       |     5 |    17 |    29 ||    51
       Regeneration      |       |       |       |    21 ||    21
 Abil: Dig               |     2 |     6 |    21 |    10 ||    39
  Use: Scroll            |       |     1 |     8 |     1 ||    10
       Potion            |       |       |       |     1 ||     1
 Stab: Sleeping          |     4 |       |       |     2 ||     6
       Distracted        |       |       |     1 |       ||     1
       Confused          |       |       |     3 |    14 ||    17
  Eat: Chunk             |     3 |     4 |    18 |    31 ||    56
       Ration            |       |       |     1 |       ||     1
Armor: Robe              |    10 |     9 |     9 |       ||    28
       Scale mail        |       |       |    66 |    82 ||   148
       Chain mail        |       |       |       |     3 ||     3
Dodge: Dodged            |    23 |    30 |    98 |    76 ||   227
Block: Shield            |       |       |       |    73 ||    73
